 Dungeon Crawl Stone Soup version 0.24.0-41-g2ae2f7f1be (webtiles) character file.

Game seed: 7158716117456987062, levelgen mode: deterministic

5854 ReteAZ the Grappler (level 10, -4/99 HPs)
             Began as an Octopode Berserker on Dec 12, 2019.
             Was a High Priest of Trog.
             Slain by an unseen horror (11 damage)
             ... on level 10 of the Dungeon.
             The game lasted 00:22:30 (9834 turns).

ReteAZ the Grappler (Octopode Berserker)            Turns: 9834, Time: 00:22:31

Health: -4/99      AC:  1    Str: 24    XL:     10   Next: 81%
Magic:  10/10      EV: 14    Int: 10    God:    Trog [*****.]
Gold:   466        SH: 16    Dex: 14    Spells: 9/9 levels left

rFire    . . .     SeeInvis .     - Unarmed
rCold    . . .     Gourm    .   N - +1 large shield
rNeg     . . .     Faith    .   (helmet restricted)
rPois    +         Spirit   .   C - amulet of magic regeneration
rElec    .         Reflect  .   H - ring of protection from magic
rCorr    .         Harm     .   y - +2 ring of strength
MR       ++...                  (no ring)
Stlth    ..........             (no ring)
HPRegen  0.26/turn              (no ring)
MPRegen  0.37/turn              (no ring)
                                (no ring)
                                (no ring)

@: berserking, very quick
A: almost no armour, stealthy swim, amphibious, 8 rings, constrict 8, camouflage
1, magic resistance 1, poison resistance, gelatinous body 1
a: Berserk, Trog's Hand, Brothers in Arms, Renounce Religion


You were on level 10 of the Dungeon.
You worshipped Trog.
Trog was extremely pleased with you.
You were hungry.

You visited 1 branch of the dungeon, and saw 10 of its levels.

You collected 546 gold pieces.
You spent 80 gold pieces at shops.

Inventory:

Missiles
 c - 327 stones
 h - 3 boomerangs
 A - 8 silver javelins (quivered)
 E - 13 poisoned darts
 F - 9 javelins
Armour
 N - a +1 large shield (worn)
Jewellery
 y - a +2 ring of strength (right tentacle)
 C - an amulet of magic regeneration (around mantle)
 H - a ring of protection from magic (left tentacle)
 O - an uncursed amulet of regeneration {unknown}
Wands
 p - a wand of iceblast (7)
 u - a wand of flame (47)
 I - a wand of acid (2)
 J - a wand of random effects (13)
 L - a wand of polymorph (7)
 P - a wand of paralysis (5)
Scrolls
 e - a scroll of fear
 f - 6 scrolls of remove curse
 g - a scroll of amnesia
 i - 2 scrolls of blinking
 j - 2 scrolls of enchant armour
 k - 5 scrolls of teleportation
 n - a scroll of magic mapping
 r - a scroll of enchant weapon {unknown}
 w - 18 scrolls of identify
 D - a scroll of holy word {unknown}
 G - a scroll of fog {unknown}
 M - 2 scrolls of immolation {unknown}
Potions
 b - 2 potions of lignification
 d - 2 potions of agility {unknown}
 l - a potion of invisibility {unknown}
 o - 2 potions of heal wounds
 q - a potion of might
 s - a potion of magic
 t - 2 potions of brilliance
 v - a potion of flight {unknown}
 x - a potion of berserk rage {unknown}
 z - a potion of resistance
 B - 3 potions of curing
 K - a potion of haste
Comestibles
 a - 14 rations
 m - 2 chunks of flesh


   Skills:
 - Level 5.0 Fighting
 - Level 8.1 Dodging
 - Level 5.1 Stealth
 + Level 5.0 Shields
 + Level 11.9 Unarmed Combat


You had 9 spell levels left.
You didn't know any spells.
Your spell library was empty.

Dungeon Overview and Level Annotations

Branches:
Dungeon (10/15)            Temple (0/1) D:5
   Lair: D:8-11         Orc: D:9-12

Altars:
Cheibriados
Elyvilon
Hepliaklqana
Makhleb
Ru
Sif Muna
Uskayaw
Zin

Shops:
D:8 ?   D:9 **=[


Innate Abilities, Weirdness & Mutations

You cannot wear most types of armour.
You are very stealthy in the water. (Stealth+)
You are amphibious.
You can wear up to eight rings at the same time.
You can use your tentacles to constrict eight enemies at once.
Your skin changes colour to match your surroundings (Stealth+).
Your rubbery body absorbs attacks. (AC +1, EV +1)
You are resistant to hostile enchantments. (MR+)
Your system is resistant to poisons. (rPois)


Message History

You block something's attack. Something hits you!
A red film seems to cover your vision as you go berserk!
You feel yourself moving faster!
You feel mighty!
You are feeling hungry.
You block something's attack.
Some of the chunks of flesh in your inventory have rotted away.
You bludgeon something!
Your tentacle-slap misses something.
Something hits you. x2
You miss something.
Your tentacle-slap misses something.
Your squeeze misses something. Something hits you.
You miss something. You squeeze something. Something hits you!
* * * LOW HITPOINT WARNING * * *
Something hits you.
* * * LOW HITPOINT WARNING * * *
You miss something. You squeeze something!! Something hits you!
* * * LOW HITPOINT WARNING * * *
You closely miss something. You block something's attack. Something hits you!
You die...

###############
#.............#
#.###########.# ##
###......# #.#
#.##.....##.# #.# ##
#.#.###.##.# #.# #.###..#
#.##.# #.# #.#.#@###.##.#
#.# #.##.....##.# #.#
#.####.#(##.######.## #.#
#.###.#......รท... #.##.##
#.#####.#.## ####.....#
##......#.## #....##.##
##.#####...##
###...#....###.## #.....
#....###..#.#..######.####


There were no monsters in sight!

Vanquished Creatures
  2 two-headed ogres (D:8)
  Pikel (D:4)
  A hippogriff (D:9)
  Grinder (D:4)
  Sigmund (D:3)
  A vampire (D:9)
  Eustachio (D:6)
  2 sky beasts
  An orc warrior (D:6)
  An eye of draining (D:9)
  A black bear (D:8)
  A centaur (D:5)
  2 necrophages
  2 ogres
  3 big kobolds
  4 bullfrogs
  2 scorpions
  10 killer bees
  A water moccasin skeleton (D:6)
  3 howler monkeys
  2 gnoll shamans
  2 hounds
  2 orc priests
  7 iguanas
  Ijyb (D:3)
  5 orc wizards
  8 worker ants
  Terence (D:3)
  A killer bee zombie (D:7)
  A hound skeleton (D:7)
  Robin (D:3)
  A worker ant zombie (D:5)
  10 gnolls
  17 adders
  4 shadow imps
  3 oozes
  2 adder skeletons
  A worm (D:3)
  4 dart slugs
  5 leopard geckos
  22 orcs
  6 bats
  5 giant cockroaches
  14 hobgoblins
  10 jackals
  21 kobolds
  3 quokkas
  2 ball pythons
  5 frilled lizards
  19 goblins
  A leopard gecko zombie (D:7)
  A quokka skeleton (D:5)
  10 rats
238 creatures vanquished.

Vanquished Creatures (collateral kills)
  An orc wizard (D:5)
  3 orcs (D:5)
4 creatures vanquished.

Vanquished Creatures (others)
  An orc wizard (D:5)
  An adder (D:4)
  A leopard gecko skeleton (D:4)
3 creatures vanquished.

Grand Total: 245 creatures vanquished

Notes
Turn   | Place    | Note
-------+----------+-------------------------------------------
     0 | D:1      | ReteAZ the Octopode Berserker began the quest for the Orb.
     0 | D:1      | Reached XP level 1. HP: 16/16 MP: 1/1
   205 | D:1      | Reached XP level 2. HP: 21/21 MP: 2/2
   655 | D:1      | Reached skill level 4 in Unarmed Combat
   660 | D:1      | Reached ** piety under Trog
   706 | D:1      | Reached XP level 3. HP: 19/26 MP: 3/3
  1137 | D:2      | Reached XP level 4. HP: 15/31 MP: 4/4
  1259 | D:2      | Reached skill level 5 in Unarmed Combat
  1610 | D:3      | Reached *** piety under Trog
  1732 | D:3      | Reached XP level 5. HP: 36/36 MP: 5/5
  1800 | D:3      | Noticed Robin
  1811 | D:3      | Killed Robin
  2147 | D:3      | Noticed Sigmund
  2158 | D:3      | Killed Sigmund
  2158 | D:3      | Reached skill level 7 in Unarmed Combat
  2158 | D:3      | Reached XP level 6. HP: 24/42 MP: 6/6
  2377 | D:3      | Noticed Terence
  2383 | D:3      | Killed Terence
  2394 | D:3      | Noticed Ijyb
  2432 | D:3      | Gained mutation: Scrolls take you a little longer to read.
                  | [potion of mutation]
  2432 | D:3      | Gained mutation: You are clumsy. (Dex -2) [potion of
                  | mutation]
  2432 | D:3      | Gained mutation: Your system is resistant to poisons.
                  | (rPois) [potion of mutation]
  2432 | D:3      | Gained mutation: Your spells are a little harder to cast,
                  | but a little more powerful. [potion of mutation]
  2433 | D:3      | Lost mutation: Scrolls take you a little longer to read.
                  | [potion of mutation]
  2433 | D:3      | Lost mutation: You are clumsy. (Dex -2) [potion of
                  | mutation]
  2433 | D:3      | Lost mutation: Your spells are a little harder to cast, but
                  | a little more powerful. [potion of mutation]
  2433 | D:3      | Gained mutation: You are resistant to hostile enchantments.
                  | (MR+) [potion of mutation]
  2438 | D:3      | Killed Ijyb
  2541 | D:3      | Found a glowing silver altar of Zin.
  2620 | D:4      | Noticed Pikel
  2620 | D:4      | Noticed a slave
  2620 | D:4      | Noticed a slave
  2620 | D:4      | Noticed a slave
  2620 | D:4      | Noticed a slave
  2625 | D:4      | Killed Pikel
  2625 | D:4      | Reached skill level 8 in Unarmed Combat
  2625 | D:4      | Reached XP level 7. HP: 46/46 MP: 7/7
  2625 | D:4      | Reached XP level 8. HP: 52/52 MP: 8/8
  3057 | D:4      | Reached **** piety under Trog
  3104 | D:4      | Noticed Grinder
  3111 | D:4      | Killed Grinder
  3111 | D:4      | Reached skill level 5 in Stealth
  3318 | D:5      | Entered Level 5 of the Dungeon
  3376 | D:5      | Reached skill level 5 in Dodging
  3815 | D:5      | Reached skill level 9 in Unarmed Combat
  3847 | D:5      | Found a staircase to the Ecumenical Temple.
  4979 | D:6      | Reached XP level 9. HP: 51/56 MP: 9/9
  5012 | D:6      | You fall into a shaft and drop 1 floor!
  5801 | D:6      | Found a sacrificial altar of Ru.
  5937 | D:6      | Reached skill level 10 in Unarmed Combat
  6076 | D:6      | Noticed Eustachio
  6079 | D:6      | Killed Eustachio
  6413 | D:6      | Received a gift from Trog
  6626 | D:7      | Found a white marble altar of Elyvilon.
  6626 | D:7      | Found a snail-covered altar of Cheibriados.
  6751 | D:7      | You fall into a shaft and drop 3 floors!
  6751 | D:10     | Entered Level 10 of the Dungeon
  6780 | D:9      | Reached ***** piety under Trog
  6883 | D:7      | Got an ancient cloak
  6998 | D:7      | Found a burning altar of Makhleb.
  7279 | D:8      | Found a hide-covered altar of Uskayaw.
  7509 | D:8      | Found Raihurch's Magic Scroll Emporium.
  7526 | D:8      | Bought a scroll of teleportation for 48 gold pieces
  7526 | D:8      | Bought a scroll of identify for 32 gold pieces
  7577 | D:8      | Noticed a two-headed ogre
  7585 | D:8      | Killed a two-headed ogre
  7585 | D:8      | Reached skill level 5 in Fighting
  7585 | D:8      | Reached skill level 1 in Shields
  7585 | D:8      | Reached skill level 11 in Unarmed Combat
  7585 | D:8      | Reached XP level 10. HP: 66/66 MP: 10/10
  7701 | D:8      | Found a shimmering blue altar of Sif Muna.
  7715 | D:8      | Identified Sif Muna's Catalogue of Orientation
  7994 | D:8      | Found a hazy altar of Hepliaklqana.
  8110 | D:8      | Noticed a two-headed ogre
  8116 | D:8      | HP: 3/99 [two-headed ogre/+0 giant club (33)]
  8117 | D:8      | Killed a two-headed ogre
  8489 | D:9      | Found Goxiok's Jewellery Emporium.
  8508 | D:9      | You fall into a shaft and drop 1 floor!
  8590 | D:9      | Found Zupu's Assorted Antiques.
  9014 | D:9      | Found Guud's Assorted Antiques.
  9299 | D:9      | Found Cuippueh's Antique Armour Emporium.
  9616 | D:10     | Received a gift from Trog
  9707 | D:10     | Reached skill level 5 in Shields
  9740 | D:10     | Noticed a two-headed ogre
  9834 | D:10     | Slain by an unseen horror

Levels and vault maps discovered:
D:1:      dpeg_arrival_round_b, layout_loops_corners
D:2:      layout_rooms, minmay_tetromino_s4
D:3:      layout_basic, zin_scriptorium, uniq_sigmund, uniq_robin, uniq_ijyb,
          uniq_terence
D:4:      layout_basic, first_ration, grunt_decor_mini_mirrors, uniq_pikel,
          uniq_grinder
D:5:      layout_loops_ring, minmay_temple_entry_offerings,
          chequers_serial_rivers_micro_b
D:6:      minmay_skewed_foursquare, layout_loops_corners,
          nicolae_overflow_hidden_temple, uniq_eustachio
D:7:      layout_loops_ring, gammafunk_temple_overflow_wave,
          makhleb_blood_cavern_becter
D:8:      layout_gridville, led_sif_book, lemuel_coloured_pillars_altar,
          eat_drink_and_be_merry_uskayaw, serial_shops, shop
D:9:      layout_basic, serial_shops, kennysheep_mini, kennysheep_little_box,
          shop_fountains, shop_statue
D:10:     layout_loops_ring, lair_entry_dummy, uniq_gastronok

Skill      XL: |  1  2  3  4  5  6  7  8  9 10 |
---------------+-------------------------------+-----
Unarmed Combat | 4 5 7 8 9 11 | 11.9
Dodging        | 4 6 8 |  8.1
Stealth        | 4 5 |  5.1
Fighting       | 5 |  5.0
Shields        | 1 5 |  5.0

Action                   |  1- 3 |  4- 6 |  7- 9 | 10-12 || total
-------------------------+-------+-------+-------+-------++-------
Melee: Unarmed           |    81 |   108 |   206 |   103 ||   498
       Constrict         |    18 |    33 |    48 |    21 ||   120
       Punch             |     1 |    10 |    12 |     2 ||    25
       Tentacles         |    11 |    21 |    41 |    18 ||    91
Throw: Javelin           |     1 |    27 |    28 |     5 ||    61
Invok: Berserk           |       |     3 |     4 |     4 ||    11
       Trog's Hand       |       |     1 |       |       ||     1
       Brothers in Arms  |       |       |     1 |       ||     1
  Use: Potion            |       |     5 |     3 |       ||     8
       Scroll            |       |       |     2 |     5 ||     7
 Stab: Sleeping          |     6 |     3 |    25 |     7 ||    41
       Distracted        |       |       |       |     1 ||     1
  Eat: Chunk             |     1 |     7 |    20 |     4 ||    32
       Ration            |       |       |       |     2 ||     2
Armor: Skin              |    10 |     6 |     3 |     2 ||    21
Dodge: Dodged            |    45 |    57 |   120 |    19 ||   241
Block: Large shield      |       |       |       |    52 ||    52
